 Dungeon Crawl Stone Soup version 0.25.1-2-g60ff931df9 (webtiles) character file.

Game seed: 7279957861020532889

385 DerDa the Grave Robber (level 6, -4/32 HPs)
             Began as a Vampire Necromancer on Oct 2, 2020.
             Slain by a shadow imp (5 damage)
             ... on level 6 of the Dungeon.
             The game lasted 00:06:07 (3055 turns).

DerDa the Grave Robber (Vampire Necromancer)        Turns: 3055, Time: 00:06:08

Health: -4/32      AC:  3    Str:  7    XL:     6   Next: 48%
Magic:  5/13       EV: 12    Int: 20    God:
Gold:   115        SH:  0    Dex: 14    Spells: 5/14 levels left

rFire    . . .     SeeInvis +   f - +0 club
rCold    + + .     Gourm    .   (no shield)
rNeg     + + +     Faith    .   a - +0 robe
rPois    ∞         Spirit   .   (no helmet)
rElec    .         Reflect  .   (no cloak)
rCorr    .         Harm     .   (no gloves)
MR       .....                  o - +0 pair of boots (curse)
Stlth    ++++......             (no amulet)
HPRegen  0.00/turn              (no ring)
MPRegen  0.13/turn              (no ring)

@: mighty, bloodless
A: no food, fangs 3, see invisible, unbreathing
a: Bat Form, Revivify


You were on level 6 of the Dungeon.
You were bloodless.

You visited 1 branch of the dungeon, and saw 5 of its levels.

You collected 115 gold pieces.

Inventory:

Hand Weapons
 f - a +0 club (weapon)
Missiles
 c - 108 stones (quivered)
Armour
 a - a +0 robe (worn)
 o - a cursed +0 pair of boots (worn)
Scrolls
 g - 2 scrolls of teleportation {unknown}
 h - 3 scrolls of remove curse
 i - 2 scrolls of magic mapping {unknown}
 m - 3 scrolls of identify {unknown}
 n - 2 scrolls of fog {unknown}
Potions
 b - 2 potions of might
 d - a potion of berserk rage {unknown}
 e - 2 potions of flight {unknown}
 j - a potion of curing {unknown}
 k - a potion of cancellation {unknown}
 l - a potion of mutation {unknown}
 p - a potion of degeneration {unknown}
 q - a potion of ambrosia {unknown}


   Skills:
 - Level 2.1 Dodging
 - Level 3.0 Stealth
 * Level 4.7 Spellcasting
 * Level 6.8 Necromancy


You had 5 spell levels left.
You knew the following spells:

 Your Spells              Type           Power        Failure   Level  Hunger
a - Pain                  Necr           ####         1%          1    N/A
b - Animate Skeleton      Necr           N/A          1%          1    N/A
c - Animate Dead          Necr           N/A          7%          4    N/A
u - Vampiric Draining     Necr           ####......   2%          3    N/A

Your spell library contained the following spells:

 Spells                   Type           Power        Failure   Level  Hunger
 Agony                    Necr           ####....     21%         5    N/A

Dungeon Overview and Level Annotations

Branches:
Dungeon (6/15)
 Temple: D:4-7

Altars:
Gozag


Innate Abilities, Weirdness & Mutations

You do not eat.
You do not regenerate when monsters are visible.
You are frail without blood (-20% HP).
You can heal yourself when you bite living creatures.
You are immune to poison.
You have razor-sharp teeth.
You have supernaturally acute eyesight. (SInv)
You can survive without breathing.


Message History

Press: ? - help, Shift-Dir - straight line, f - shadow imp
Aim: a shadow imp You can't drain life from that!
Casting: Vampiric Draining (dangerous; 2% risk of failure)
Confirm with . or Enter, or press ? or * to list all spells.
Aiming: Vampiric Draining (dangerous; 2% risk of failure)
Press: ? - help, Shift-Dir - straight line, f/p - shadow imp
Aim: a shadow imp You can't drain life from that!
You hit the shadow imp but do no damage.
The shadow imp barely misses you.
You closely miss the shadow imp. The shadow imp hits you.
* * * LOW HITPOINT WARNING * * *
It was a potion of might.
You feel very mighty all of a sudden. The shadow imp barely misses you.
You sock the shadow imp!
The shadow imp is severely wounded.
The shadow imp hits you.
You die...

#. ##..# #.. .. #.##...#
##..#.## #.#
#..#...####........
#..###>......#..........
..............# #......
#........^.###.....#.
#...........##.#...#.
#.............##..##
#..@........#.. #.>#
#.[5).......##.##...
##........#.# ..#...
#....#####.# #...##
#.###...###.# ##.##. #.
#.##..#.###..##. .#
#.#####..#..##.#. .. #.
#...#####.. .. ## ##.###
#..##


You could see a shadow imp.

Vanquished Creatures
  3 bullfrogs (D:6)
  A howler monkey (D:2)
  An orc wizard (D:6)
  An orc priest (D:6)
  5 adders
  A shadow imp (D:6)
  A worm (D:2)
  2 dart slugs (D:2)
  2 orcs (D:6)
  6 giant cockroaches
  4 goblins (D:2)
  4 hobgoblins
  2 jackals (D:1)
  A kobold (D:2)
  3 ball pythons
  4 bats
  6 frilled lizards
  3 rats
50 creatures vanquished.

Notes
Turn   | Place    | Note
-------+----------+-------------------------------------------
     0 | D:1      | DerDa the Vampire Necromancer began the quest for the Orb.
     0 | D:1      | Reached XP level 1. HP: 13/13 MP: 3/3
   813 | D:1      | Reached XP level 2. HP: 15/15 MP: 3/5
  1259 | D:2      | Noticed a crimson imp
  1596 | D:2      | Reached skill level 5 in Necromancy
  1596 | D:2      | Reached XP level 3. HP: 19/19 MP: 0/7
  2018 | D:2      | Reached XP level 4. HP: 24/24 MP: 3/9
  2144 | D:2      | Found an opulent altar of Gozag.
  2325 | D:2      | Learned a level 1 spell: Animate Skeleton
  2329 | D:2      | Learned a level 3 spell: Vampiric Draining
  2562 | D:3      | You fall into a shaft and drop 3 floors!
  2600 | D:6      | Noticed a bullfrog
  2605 | D:6      | Noticed a bullfrog
  2606 | D:6      | Killed a bullfrog
  2606 | D:6      | Reached skill level 6 in Necromancy
  2606 | D:6      | Reached XP level 5. HP: 20/28 MP: 5/10
  2612 | D:6      | Noticed an orc warrior
  2623 | D:6      | Learned a level 4 spell: Animate Dead
  2717 | D:6      | Reached XP level 6. HP: 28/32 MP: 6/12
  2795 | D:5      | Entered Level 5 of the Dungeon
  3053 | D:6      | HP: 1/32 [shadow imp (4)]
  3055 | D:6      | Slain by a shadow imp

Illustrated notes

Levels and vault maps discovered:
D:1:      sevenhm_arrival_forest_fort_small_3, layout_loops_corners
D:2:      layout_basic, nicolae_gozag_seed_capital
D:3:      layout_basic, first_ration
D:5:      layout_rooms, uniq_blork_the_orc
D:6:      minmay_evil_eye, layout_layer_cave

Skill      XL: |  1  2  3  4  5 |
---------------+----------------+-----
Necromancy     | 5 6 |  6.8
Spellcasting   | 3 4 |  4.7
Dodging        | |  2.1
Stealth        | |  3.0

Action                   |  1- 3 |  4- 6 || total
-------------------------+-------+-------++-------
Melee: Club              |    13 |    19 ||    32
       Unarmed           |     1 |       ||     1
       Bite              |       |     1 ||     1
Throw: Stone             |     1 |       ||     1
 Cast: Pain              |    56 |    49 ||   105
       Vampiric Draining |       |     1 ||     1
 Abil: Exsanguinate      |     1 |       ||     1
  Use: Scroll            |       |     1 ||     1
       Potion            |       |     1 ||     1
Armor: Robe              |     3 |     9 ||    12
Dodge: Dodged            |    16 |    28 ||    44
